AoeStats
← Aslan

Arabian Desert

511581318Analyzed
1v1 RM · 13d ago on Oct 5, 2026· 27m 38s· 2 players
Game mode
Random Map
Map size
Tiny (2 player)
Population
200
Speed
Normal
Resources
Standard
Victory
Conquest
Starting age
Dark Age
Ending age
Imperial Age
RankedLock teamsTeams togetherTeam positionsShared explorationLock speedFull tech treeHidden civsTurbo modeCheats
Victory
Defeat
🇹🇷 Franks · Türkiye
385
+17
vs
🇪🇸 Persians · Spain
404
-17
Aslan
7:20 Loom
9:40 Feudal Age
11:22 Double-Bit Axe
20:14 Castle Age
18:58 Fletching
19:09 Padded Archer Armor
20:24 Gold Mining
22:18 Bow Saw
24:07 Bodkin Arrow
24:16 Husbandry
27:00 Gold Shaft Mining
mimi.glamur
1:59 Loom
3:00 Loom
11:09 Feudal Age
11:30 Double-Bit Axe
11:28 Horse Collar
12:31 Wheelbarrow
12:36 Town Watch
13:10 Gold Mining
21:33 Castle Age
20:20 Stone Mining
21:52 Scale Barding Armor
22:05 Forging
22:19 Heavy Plow
25:45 Bow Saw
Connection lost

Rejoining the realm…

Still unreachable

The connection could not be restored.

Session expired

The server has moved on; the page needs a fresh start.